 Dungeon Crawl Stone Soup version 0.32-a0-841-g4648e6c457 (webtiles) character file.

Game seed: 16308517813983756889

54492 zenocrate the Martial Artist (level 14, -22/99 HPs)
             Began as an Octopode Earth Elementalist on Mar 26, 2024.
             Was an Initiate of Gozag.
             Annihilated by Donald
             ... wielding a +0 long sword of holy wrath
              (37 damage)
             ... on level 2 of the Orcish Mines.
             The game lasted 00:32:42 (22057 turns).

zenocrate the Martial Artist (OpEE)                Turns: 22057, Time: 00:32:43

Health: -22/99     AC:  5    Str: 26    XL:     14   Next: 73%
Magic:  0/17       EV: 23    Int: 17    God:    Gozag
Gold:   168        SH:  0    Dex: 16    Spells: 0/17 levels left

rFire   . .          .
                       - Unarmed
rCold   . . .        (shield currently unavailable)
rNeg    + + .        (helmet restricted)
rPois   +            i - amulet of the acrobat
rElec   .            m - +4 ring of protection
rCorr   .            v - ring of see invisible
SInv    +            M - +6 ring of strength
Will    ++...        q - +5 ring of evasion
Stlth   ++++++       h - ring of Jueng {rPois rN+ Slay+5}
HPRegen 0.36/turn    u - ring of wizardry
MPRegen 0.15/turn    Q - ring of Ymomp {rN+ Will++ Str+3 Dex+2 Stlth+}
                     R - +6 ring of strength

%: acrobat, wizardry (x1)
@: mighty, blade tentacles, weak-willed, on blink cooldown, enlightened, flying,
hasted, very quick
A: almost no armour, amphibious, 8 rings, camouflage 1, gelatinous body 1,
(nimble swimmer 1), tentacles
a: Begin Untransformation, Renounce Religion, Potion Petition, Call Merchant,
Bribe Branch


You were on level 2 of the Orcish Mines.
You worshipped Gozag.
Gozag was aware of your devotion.
You had blades for main tentacles.
You visited 4 branches of the dungeon, and saw 18 of its levels.
You also visited: Sewer.

You collected 5104 gold pieces.
You spent 2108 gold pieces at shops.
You paid 2828 gold pieces to Gozag.

Inventory:

Missiles
 G - a throwing net
Armour
 J - a +0 buckler
Magical Staves
 g - a staff of fire
Jewellery
 h - the ring of Jueng (on tentacle) {rPois rN+ Slay+5}
   (You bought it in a shop on level 1 of the Lair of Beasts)

   [ring of positive energy]

   Slay+5:    It affects your accuracy & damage with ranged weapons and melee
   (+5).
   rPois:     It protects you from poison.
   rN+:       It protects you from negative energy.
 i - an amulet of the acrobat (around mantle)
 m - a +4 ring of protection (left blade tentacle)
 q - a +5 ring of evasion (on tentacle)
 u - a ring of wizardry (on tentacle)
 v - a ring of see invisible (right blade tentacle)
 M - a +6 ring of strength (on tentacle)
 Q - the ring of Ymomp (on tentacle) {rN+ Will++ Str+3 Dex+2 Stlth+}
   (You took it off a spriggan on level 5 of the Lair of Beasts)

   [ring of positive energy]

   Str+3:     It affects your strength (+3).
   Dex+2:     It affects your dexterity (+2).
   rN+:       It protects you from negative energy.
   Will++:    It greatly increases your willpower.
   Stlth+:    It makes you more stealthy.
 R - a +6 ring of strength (on tentacle)
Talismans
 d - a flux talisman
 L - a blade talisman (active)
Wands
 y - a wand of flame (14)
 C - a wand of digging (6)
 E - a wand of paralysis (3)
Scrolls
 b - 4 scrolls of poison
 c - a scroll of fear
 e - 2 scrolls of blinking {unknown}
 j - 3 scrolls of teleportation
 k - 2 scrolls of fog
 n - 2 scrolls of enchant weapon
 o - a scroll of vulnerability
 p - 2 scrolls of amnesia {unknown}
 s - a scroll of summoning
 x - 2 scrolls of revelation {unknown}
 z - a scroll of enchant armour
 A - 3 scrolls of immolation
 H - a scroll of silence {unknown}
 N - a scroll of torment {unknown}
Potions
 a - 2 potions of magic
 f - 9 potions of enlightenment
 l - 6 potions of curing
 r - a potion of ambrosia
 w - 2 potions of brilliance
 B - a potion of heal wounds
 D - 4 potions of might
 F - 3 potions of berserk rage
 I - a potion of invisibility
 O - a potion of lignification
 P - a potion of attraction


   Skills:
 + Level 10.0 Fighting
 + Level 10.5 Dodging
 + Level 7.6 Stealth
 + Level 14.0 Unarmed Combat
 - Level 2.0 Spellcasting
 - Level 1.0 Conjurations
 - Level 3.1 Translocations
 - Level 3.0 Earth Magic
 - Level 9.0 Evocations
 + Level 11.6 Shapeshifting


You couldn't memorise any spells.
You knew the following spells:

 Your Spells              Type           Power      Damage    Failure   Level
a - Stone Arrow           Conj/Erth      16%        3d8       11%         3
b - Ozocubu's Armour      Ice            1%         N/A       22%         3
c - Petrify               Alch/Erth      6%         N/A       38%         4
d - Sandblast             Erth           22%        2d7       2%          1
m - Apportation           Tloc           24%        N/A       2%          1
x - Blink                 Tloc           24%        N/A       3%          2
z - Passwall              Erth           11%        N/A       7%          3

Your spell library contained the following spells:

 Spells                   Type           Power      Damage    Failure   Level
 Lesser Beckoning         Tloc           24%        N/A       3%          2
 Momentum Strike          Conj/Tloc      16%        3d8       5%          2
 Sting                    Conj/Alch      12%        1d3       6%          1
 Freeze                   Ice            4%         1d3       8%          1
 Necrotise                Necr           4%         1d4       8%          1
 Summon Small Mammal      Summ           4%         N/A       8%          1
 Ensorcelled Hibernation  Hex/Ice        2%         N/A       12%         2
 Hailstorm                Conj/Ice       3%         3d5       19%         3
 Manifold Assault         Tloc           12%        N/A       21%         4
 Frozen Ramparts          Ice            2%         1d1       22%         3
 Fugue of the Fallen      Necr           1%         N/A       22%         3
 Swiftness                Air            1%         N/A       22%         3
 Brom's Barrelling Bould  Conj/Erth      8%         2d3       32%         4
 Lehudib's Crystal Spear  Conj/Erth      4%         10d3      100%        8
 Animate Armour           Summ/Erth      Unusable   N/A       N/A         4

Dungeon Overview and Level Annotations

Branches:
Dungeon (10/15)            Temple (1/1) D:6            Lair (5/5) D:10
 Shoals (0/4) Lair:2       Spider (0/4) Lair:3        Slime (0/5) Lair:5
    Orc (2/2) D:10            Elf (0/3) Orc:2         Sewer (visited)

Altars:
Ashenzari
Cheibriados
Dithmenos
Elyvilon
Fedhas
Gozag
Hepliaklqana
Kikubaaqudgha
Makhleb
Nemelex Xobeh
Okawaru
Qazlal
Ru
Sif Muna
Trog
Uskayaw
Vehumet
Wu Jian
Xom
Yredelemnul
Zin
The Shining One
Beogh
Lugonu

Shops:
D:6 :   Orc:2 !?:!   Lair:1 =:*

Portals:
Abyss: Lair:5

Annotations:
Temple 2 transporters
Orc:2 Donald


Innate Abilities, Weirdness & Mutations

You have blades for main tentacles.
You are incapable of wielding weapons or throwing items.
You cannot wear most types of armour.
You are amphibious.
You can wear up to eight rings at the same time.
Your skin changes colour to match your surroundings (Stealth+).
Your rubbery body absorbs attacks. (AC +1, EV +1)
((You are camouflaged when in or above water. (Stealth+)))
You have tentacles for arms and can constrict up to eight enemies at once.


Message History

Donald struggles to escape constriction.
Unknown command.
Casting: Stone Arrow (dangerous; 11% risk of failure)
Confirm with . or Enter, or press ? or * to list all spells.
Aiming: Stone Arrow (dangerous; 11% risk of failure)
Press: ? - help, Shift-Dir - straight line, f/p - Donald
Aim: Donald, wielding a +0 long sword of holy wrath, wearing a +3 chain mail of poison resistance and wearing a +0 kite shield of reflection (almost dead, fast, strong, weak-willed, constricted by roots, reflecting blocked projectiles, 100% to hit)
Donald blocks the stone arrow with his +0 kite shield of reflection... and reflects it back!
The stone arrow misses you.
The grasping roots constrict Donald.
Donald sighs.
Donald escapes!
Unknown command.
Casting: Stone Arrow (dangerous; 11% risk of failure)
Confirm with . or Enter, or press ? or * to list all spells.
Aiming: Stone Arrow (dangerous; 11% risk of failure)
Press: ? - help, Shift-Dir - straight line, f/p - Donald
Aim: Donald, wielding a +0 long sword of holy wrath, wearing a +3 chain mail of poison resistance and wearing a +0 kite shield of reflection (almost dead, fast, strong, weak-willed, reflecting blocked projectiles, 78% to hit)
The stone arrow hits Donald!
Donald is almost dead.
Unknown command.
Okay, then.
You feel much better.
Donald hits you with a +0 long sword of holy wrath!
* * * LOW HITPOINT WARNING * * *
Unknown command.
Okay, then.
Okay, then. [a] - 528 gold - resistance, might and haste [b] - 405 gold - haste and enlightenment [c] - 240 gold - brilliance and magic Purchase which effect?
You no longer have enough gold to petition Gozag for potion effects.
You feel as though your hastened speed will last longer.
You feel very buoyant.
You fly up into the air.
An orc wizard comes into view. It is wielding a +0 dagger.
Donald hits you with a +0 long sword of holy wrath!!!
You die...
Donald says, "Well, maybe you weren't so bad after all."
Your body crumbles into a pile of gold.

..........#.....#....##
...#.##............##.##
.......................#
.......................#
.............#........##
........#.........##.##
.#......##....#....###
.#.#.....##....##.###
........##.#....@...#
....#...........#@..#
.....#.....#.#.#..o.## .
#)).###.. ##.#......##
.o ..)## #........o.##
#.### ..).#
.............#......
...## .##...._..#...o#
....#
#.......###........
...... #...... .#.......


You could see Donald (fast, strong, weak-willed, reflecting), an orc wizard and
2 orcs.

Vanquished Creatures
  Snorg (Lair:4)
  An ettin (Orc:1)
  2 hydras
  2 ogre magi (Orc:2)
  Erolcha (Orc:1)
  10 two-headed ogres
  3 thrashing horrors (Lair:5)
  2 deep trolls (Orc:1)
  A large abomination (Lair:5)
  Pikel (D:5)
  An oklob plant (Lair:1)
  A wolf spider (Lair:3)
  An ugly thing (Lair:5)
  2 cyclopes (Orc:2)
  A salamander (shapeshifter) (Lair:5)
  3 black mambas
  15 elephants
  2 smoke demons (Lair:5)
  A cane toad (shapeshifter) (Lair:5)
  An unseen horror (shapeshifter) (Lair:5)
  17 cane toads
  6 rime drakes
  An efreet (D:10)
  6 komodo dragons
  7 polar bears
  7 trolls
  20 blink frogs
  A raiju (Lair:5)
  A culicivora (Lair:3)
  8 small abominations (Lair:5)
  2 spriggans
  2 ynoxinuls (Lair:5)
  3 wyverns
  A vampire (D:10)
  6 basilisks
  A steam dragon (D:8)
  35 yaks
  A chaos spawn (Lair:5)
  8 water moccasins
  An ice beast (D:5)
  14 orc warriors
  3 black bears
  A sky beast (D:7)
  20 ogres
  14 wolves
  2 lemures (D:5)
  3 kobold brigands
  9 bullfrogs
  2 gnoll sergeants (D:8)
  A scorpion (D:6)
  6 killer bees (D:8)
  10 orc priests
  5 bombardier beetles
  6 hounds
  A jelly (D:6)
  An iguana (D:4)
  Jessica (D:3)
  A sleepcap (D:7)
  8 orc wizards
  7 gnolls (D:8)
  5 adders
  3 river rats (Sewer)
  2 shadow imps
  5 white imps
  2 ufetubi (D:10)
  2 dart slugs
  50 orcs
  7 ball pythons
  8 endoplasms
  4 giant cockroaches
  10 goblins
  4 hobgoblins
  7 jackals
  14 kobolds
  5 quokkas
  6 bats
  4 frilled lizards
  9 rats
448 creatures vanquished.

Vanquished Creatures (collateral kills)
  A komodo dragon (Lair:4)
  A rime drake (Lair:4)
2 creatures vanquished.

Grand Total: 450 creatures vanquished

Notes
Turn   | Place    | Note
-------+----------+-------------------------------------------
     0 | D:1      | zenocrate the Octopode Earth Elementalist began the quest
                  | for the Orb.
     0 | D:1      | Reached XP level 1. HP: 11/11 MP: 3/3
   150 | D:1      | Reached XP level 2. HP: 12/18 MP: 5/5
   431 | D:1      | Reached skill level 1 in Fighting
   483 | D:1      | Reached skill level 1 in Unarmed Combat
   580 | D:1      | Reached XP level 3. HP: 23/23 MP: 6/6
   584 | D:1      | Learned a level 3 spell: Stone Arrow
  1085 | D:2      | Reached skill level 1 in Shapeshifting
  1679 | D:3      | Reached XP level 4. HP: 22/28 MP: 7/7
  1740 | D:3      | Noticed Jessica
  1747 | D:3      | Killed Jessica
  1748 | D:3      | Reached skill level 2 in Unarmed Combat
  1764 | D:3      | Reached XP level 5. HP: 26/33 MP: 8/8
  2219 | D:3      | Reached skill level 3 in Unarmed Combat
  2219 | D:3      | Reached XP level 6. HP: 31/38 MP: 9/9
  2522 | D:4      | Found a hazy altar of Hepliaklqana.
  2574 | D:4      | Found a glowing drain.
  2625 | Sewer    | Entered a sewer
  2636 | Sewer    | Reached skill level 4 in Unarmed Combat
  2757 | Sewer    | Reached XP level 7. HP: 16/43 MP: 10/10
  2870 | Sewer    | Found a white marble altar of Elyvilon.
  3017 | D:4      | Learned a level 1 spell: Apportation
  3341 | D:4      | Learned a level 3 spell: Passwall
  3358 | D:5      | Entered Level 5 of the Dungeon
  3375 | D:4      | Reached skill level 5 in Unarmed Combat
  3534 | D:5      | Noticed Pikel
  3558 | D:5      | Killed Pikel
  3559 | D:5      | Reached skill level 6 in Unarmed Combat
  3559 | D:5      | Reached skill level 5 in Shapeshifting
  3559 | D:5      | Reached XP level 8. HP: 18/48 MP: 11/11
  3856 | D:5      | Found a blossoming altar of Fedhas.
  3937 | D:5      | Found a hide-covered altar of Uskayaw.
  3943 | D:5      | Found an ancient bone altar of Kikubaaqudgha.
  3946 | D:5      | Found an ornate altar of the Wu Jian Council.
  3946 | D:5      | Found an opulent altar of Gozag.
  3954 | D:5      | Found a bloodstained altar of Trog.
  3956 | D:5      | Became a worshipper of Gozag Ym Sagoz the Greedy
  4022 | D:5      | Reached skill level 7 in Unarmed Combat
  4389 | D:6      | Found a staircase to the Ecumenical Temple.
  4400 | Temple   | Found a transporter.
  4400 | Temple   | Found a transporter.
  4400 | Temple   | Found a transporter.
  4400 | Temple   | Found a transporter.
  4400 | Temple   | Entered the Ecumenical Temple
  4408 | D:6      | Identified the +9 trident of Greed {pain, rElec rF+ rC+
                  | Stlth+}
  5013 | D:6      | Found Duitsob's Book Emporium.
  5064 | D:6      | Reached XP level 9. HP: 53/53 MP: 12/12
  5167 | D:6      | Learned a level 4 spell: Petrify
  5374 | D:7      | Reached skill level 8 in Unarmed Combat
  7577 | D:9      | Reached skill level 5 in Dodging
  7577 | D:9      | Reached skill level 9 in Unarmed Combat
  7618 | D:9      | Reached XP level 10. HP: 47/58 MP: 3/13
  8482 | D:10     | Entered Level 10 of the Dungeon
  8800 | D:10     | Reached skill level 10 in Unarmed Combat
  9046 | D:10     | Found a staircase to the Lair.
  9086 | D:10     | Found a roughly hewn altar of Beogh.
  9086 | D:10     | Found a staircase to the Orcish Mines.
  9133 | D:10     | Reached skill level 1 in Evocations
  9395 | D:10     | Noticed a two-headed ogre
  9405 | D:10     | Killed a two-headed ogre
  9406 | D:10     | Reached XP level 11. HP: 22/64 MP: 14/14
  9657 | D:10     | Learned a level 2 spell: Blink
  9702 | Lair:1   | Entered Level 1 of the Lair of Beasts
  9714 | Lair:1   | Reached skill level 11 in Unarmed Combat
  9820 | Lair:1   | Reached skill level 1 in Translocations
  9886 | Lair:1   | Bought the ring of Jueng {rPois rN+ Slay+5} for 678 gold
                  | pieces
  9938 | Lair:1   | Reached skill level 5 in Stealth
  9954 | Lair:1   | Found the +18 Lear's hauberk
 10010 | Lair:1   | Identified the +2 dagger of the Fae God {drain, rF+ Int+4}
 10020 | Lair:1   | Noticed an oklob plant
 11628 | Lair:1   | HP: 3/68 [oklob plant/splash of acid (30)]
 11815 | Lair:1   | Killed an oklob plant
 11889 | Lair:2   | Reached XP level 12. HP: 68/74 MP: 15/15
 12057 | Lair:2   | Reached skill level 12 in Unarmed Combat
 12624 | Lair:2   | Found a staircase to the Shoals.
 12955 | Lair:2   | Noticed a six-headed hydra
 12964 | Lair:2   | HP: 2/75 [six-headed hydra (13)]
 12965 | Lair:2   | Killed a six-headed hydra
 13242 | Lair:1   | Bought a +5 ring of evasion for 468 gold pieces
 13446 | Lair:3   | Reached skill level 5 in Evocations
 13700 | Lair:3   | Reached skill level 5 in Fighting
 13730 | Lair:3   | Reached skill level 10 in Shapeshifting
 14083 | Lair:3   | Found a hole to the Spider Nest.
 14699 | Lair:4   | Noticed Snorg
 14711 | Lair:4   | Killed Snorg
 15119 | Lair:4   | Reached XP level 13. HP: 81/84 MP: 12/16
 16215 | Lair:5   | Entered Level 5 of the Lair of Beasts
 16234 | Lair:5   | Reached skill level 13 in Unarmed Combat
 16544 | Lair:5   | Found an opulent altar of Gozag.
 17384 | Lair:5   | Found a staircase to the Slime Pits.
 17987 | Lair:5   | Identified the ring of Ymomp {rN+ Will++ Str+3 Dex+2
                  | Stlth+}
 18234 | Lair:5   | Found a corrupted altar of Lugonu.
 18234 | Lair:5   | Found a one-way gate to the infinite horrors of the Abyss.
 18797 | Lair:5   | Reached XP level 14. HP: 95/97 MP: 13/17
 19315 | Lair:5   | Learned a level 3 spell: Ozocubu's Armour
 19507 | Orc:1    | Entered Level 1 of the Orcish Mines
 19756 | Orc:2    | Entered Level 2 of the Orcish Mines
 19756 | Orc:2    | Found a staircase to the Elven Halls.
 19792 | Orc:1    | Reached skill level 10 in Dodging
 21180 | Orc:2    | Noticed Erolcha
 21227 | Orc:1    | Killed Erolcha
 21694 | Orc:2    | Found Lathem's Distillery.
 21721 | Orc:2    | Reached skill level 10 in Fighting
 21721 | Orc:2    | Reached skill level 14 in Unarmed Combat
 21908 | Orc:2    | Found Hekluyck's Magic Scroll Boutique.
 21911 | Orc:2    | Bought a potion of heal wounds for 70 gold pieces
 21911 | Orc:2    | Bought a potion of might for 56 gold pieces
 21911 | Orc:2    | Bought a potion of might for 56 gold pieces
 21911 | Orc:2    | Bought 2 potions of enlightenment for 140 gold pieces
 21911 | Orc:2    | Bought a potion of enlightenment for 70 gold pieces
 21911 | Orc:2    | Bought a potion of enlightenment for 70 gold pieces
 21913 | Orc:2    | Found Weotua's Book Shoppe.
 21914 | Orc:2    | Found Pethra's Distillery.
 21916 | Orc:2    | Bought a scroll of identify for 22 gold pieces
 21916 | Orc:2    | Bought a scroll of identify for 22 gold pieces
 21916 | Orc:2    | Bought a scroll of identify for 22 gold pieces
 21916 | Orc:2    | Bought a scroll of fog for 44 gold pieces
 21935 | Orc:2    | Bought a potion of might for 52 gold pieces
 21935 | Orc:2    | Bought a potion of heal wounds for 65 gold pieces
 21935 | Orc:2    | Bought a potion of curing for 39 gold pieces
 21935 | Orc:2    | Bought a potion of heal wounds for 65 gold pieces
 21935 | Orc:2    | Bought a potion of berserk rage for 65 gold pieces
 21935 | Orc:2    | Bought a potion of heal wounds for 65 gold pieces
 21935 | Orc:2    | Bought a potion of curing for 39 gold pieces
 22030 | Orc:2    | Found a radiant altar of Vehumet.
 22036 | Orc:2    | Noticed Donald
 22057 | Orc:2    | Annihilated by Donald

Illustrated notes

Levels and vault maps discovered:
D:1:      ebering_trefoil_twist, layout_loops_ring
D:2:      layout_loops_ring
D:3:      layout_loops_ring, uniq_jessica
D:4:      layout_cave_pools, lemuel_tele_altar, portal_sewer_entry_a
D:5:      layout_rooms, mainiacjoe_overflow_brackets,
          nicolae_overflow_hallway_of_the_gods, uniq_pikel
D:6:      layout_loops_ring, minmay_temple_entry_wispy, serial_shops, shop
D:7:      layout_gridville
D:8:      layout_loops_ring
D:9:      layout_stronghold, corexii_hall_statues_i
D:10:     layout_roguey, lair_entry_dummy, david_orc_5, serial_ice,
          serial_ice_l, serial_ice_c, serial_ice_e, serial_ice_n, serial_ice_d
Temple:   hellmonk_temple_divided_pantheon
Lair:1:   layout_cave_pods, columned_hall_lemuel, grunt_megastairs_5
Lair:2:   layout_chaotic_city, shoals_dummy_entry, st_stairs_8,
          grunt_forest_stairs_clearing, grunt_megastairs_2
Lair:3:   layout_regular_city, spider_nest_entry_rubble,
          infiniplex_staircase_pool
Lair:4:   layout_cave_pods, uniq_snorg
Lair:5:   hellmonk_lair_end_abyssal_woods, layout_regular_city,
          dpeg_slime_entry_corner, basic_altar, minivault_24,
          serial_bayou_shore_a
Orc:1:    nicolae_orc_accident_1, layout_diamond_mine
Orc:2:    st_orc_open, layout_caves, basic_altar, nicolae_volcano_entry_s_turn,
          mines4_lemuel, uniq_donald, uniq_erolcha

Skill      XL: |  1  2  3  4  5  6  7  8  9 10 11 12 13 14 |
---------------+-------------------------------------------+-----
Stealth        | 3 4 6 7 |  7.6
Fighting       | 1 2 4 6 9 10 | 10.0
Unarmed Combat | 1 2 3 4 6 7 9 10 11 12 13 14 | 14.0
Shapeshifting  | 2 3 4 5 6 8 9 10 11 | 11.6
Dodging        | 5 6 7 8 9 10 | 10.5
Evocations     | 1 4 6 7 9 |  9.0
Translocations | 3 |  3.1
Spellcasting   | |  2.0
Conjurations   | |  1.0
Earth Magic    | |  3.0

Action                     |  1- 3 |  4- 6 |  7- 9 | 10-12 | 13-15 || total
---------------------------+-------+-------+-------+-------+-------++-------
  Melee: Unarmed           |    74 |    88 |   202 |   389 |   309 ||  1062
         Tentacles         |    19 |    17 |    52 |   127 |    83 ||   298
         Constrict         |    21 |    24 |    54 |    68 |    32 ||   199
         Punch             |     1 |     5 |     5 |     4 |    35 ||    50
   Cast: Sandblast         |    14 |     5 |     8 |       |       ||    27
         Stone Arrow       |       |       |    17 |    53 |    56 ||   126
         Blink             |       |       |       |     1 |    12 ||    13
 Invoke: Call Merchant     |       |       |       |     1 |     2 ||     3
         Potion Petition   |       |       |       |       |     1 ||     1
  Evoke: Wand              |       |       |     3 |     7 |    12 ||    22
    Use: Scroll            |       |     4 |     6 |     9 |    11 ||    30
         Potion            |       |     1 |     6 |     5 |     8 ||    20
   Stab: Sleeping          |     9 |     5 |     5 |     5 |    10 ||    34
         Distracted        |       |       |     1 |     2 |     3 ||     6
         Paralysed         |       |       |       |     3 |       ||     3
 Armour: Skin              |    40 |    44 |    90 |   155 |   172 ||   501
  Dodge: Dodged            |    60 |    61 |   147 |   300 |   418 ||   986
   Form: Beast             |       |       |     1 |       |       ||     1
         Flux              |       |       |     1 |     1 |       ||     2
         Blade             |       |       |       |     2 |       ||     2

Table legend: (Time is in decaauts)
 A = Elapsed time spent in this place.
 B = Non-inter-level travel time spent in this place.
 C = Inter-level travel time spent in this place.
 D = Time resting spent in this place.
 E = Time spent auto-exploring this place.
 F = Levels seen in this place.
 G = Mean time per level.
                   A        B        C        D        E       F      G
               +--------+--------+--------+--------+--------+-----+--------+
         Total |  21893 |  21055 |    838 |     26 |  17816 |  19 | 1152.3 |
       Dungeon |   9410 |   9094 |    316 |     26 |   7622 |  10 |  941.0 |
        Temple |      1 |      1 |      0 |      0 |      0 |   1 |    1.0 |
          Lair |   9670 |   9168 |    502 |      0 |   7857 |   5 | 1934.0 |
  Orcish Mines |   2531 |   2513 |     18 |      0 |   2130 |   2 | 1265.5 |
         Sewer |    279 |    279 |      0 |      0 |    207 |   1 |  279.0 |
               +--------+--------+--------+--------+--------+-----+--------+

Top non-repeatable levels by time:
  Lair:5: 2827 daAuts
  Lair:1: 2245 daAuts
   Orc:1: 2009 daAuts
  Lair:4: 1738 daAuts
  Lair:2: 1513 daAuts
     D:9: 1408 daAuts
  Lair:3: 1345 daAuts
     D:8: 1247 daAuts
    D:10: 1235 daAuts
     D:1: 911 daAuts
     D:6: 834 daAuts
     D:4: 826 daAuts
     D:3: 803 daAuts
     D:5: 803 daAuts
     D:2: 757 daAuts
